 Seeded DCSS version 0.30.1-9-gdf580d7c3d (webtiles) character file.

Game seed: 9106806156630997546 (custom seed)

825 Psyclone the Destroyer (level 7, 42/42 HPs)
             Began as a Deep Elf Conjurer on Oct 9, 2023.
             Was an Initiate of Gozag.
             Quit the game on level 6 of the Dungeon.
             The game lasted 00:04:05 (1792 turns).

Psyclone the Destroyer (Deep Elf Conjurer)          Turns: 1792, Time: 00:04:05

Health: 42/42      AC:  2    Str:  4    XL:     7   Next: 64%
Magic:  14/21      EV: 12    Int: 25    God:    Gozag
Gold:   215        SH:  0    Dex: 13    Spells: 13/24 levels left

rFire   . . .        e - +2 dagger (drain)
rCold   . . .        (no shield)
rNeg    . . .        a - +0 robe
rPois   .            (no helmet)
rElec   .            (no cloak)
rCorr   .            (no gloves)
SInv    .            (no boots)
Will    .....        (no amulet)
Stlth   ++           (no ring)
HPRegen 0.27/turn    (no ring)
MPRegen 0.17/turn

%: no passive effects
@: no status effects
A: no striking features
a: Renounce Religion, Potion Petition, Call Merchant, Bribe Branch


You were on level 6 of the Dungeon.
You worshipped Gozag.
Gozag was aware of your devotion.
You visited 2 branches of the dungeon, and saw 7 of its levels.
You also visited: Sewer.

You collected 302 gold pieces.
You paid 87 gold pieces to Gozag.

Inventory:

Hand Weapons
 e - a +2 dagger of draining (weapon)
Armour
 a - a +0 robe (worn)
Scrolls
 d - a scroll of fear {unknown}
 h - a scroll of enchant weapon {unknown}
 i - a scroll of identify {unknown}
 j - a scroll of acquirement
Potions
 b - 2 potions of magic
 c - a potion of haste {unknown}
 f - a potion of invisibility {unknown}
 g - a potion of brilliance {unknown}


   Skills:
 - Level 3.8 Fighting
 - Level 2.4 Dodging
 - Level 2.4 Stealth
 + Level 9.4 Spellcasting
 + Level 11.0 Conjurations
 - Level 6.0 Hexes
 + Level 5.3 Translocations


You had 13 spell levels left.
You knew the following spells:

 Your Spells              Type           Power      Damage    Failure   Level
a - Magic Dart            Conj           100%       1d8       1%          1
b - Searing Ray           Conj           100%       2d8       1%          2
d - Fulminant Prism       Conj/Hex       26%        3d13      1%          4
e - Iskenderun's Mystic   Conj/Tloc      52%        2d11      1%          4

Your spell library contained the following spells:

 Spells                   Type           Power      Damage    Failure   Level
 Dazzling Flash           Conj/Hex       100%       N/A       1%          3


Dungeon Overview and Level Annotations

Branches:
Dungeon (6/15) Zot: 26960  Temple (1/1) D:5 Zot: 5978   Sewer (visited)

Altars:
Dithmenos
Gozag
Hepliaklqana
Okawaru
Qazlal
Ru
Sif Muna
Trog
Uskayaw
Xom
Yredelemnul

Annotations:
D:3 Natasha


Message History

The gnoll is severely wounded.
The gnoll shouts! (Press . to maintain the ray.)
The gnoll shouts!
You now have 17/21 mp.
The searing ray hits the gnoll!
You kill the gnoll!
You now have 16/21 mp.
The searing ray hits the gnoll!
You kill the gnoll!
You now have 15/21 mp.
You finish channelling your searing ray.
The gnoll shouts!
Casting: Searing Ray (safe; 1% risk of failure)
Confirm with . or Enter, or press ? or * to list all spells.
Aiming: Searing Ray (safe; 1% risk of failure)
Press: ? - help, Shift-Dir - straight line, f - gnoll
Aim: a gnoll, wielding a +0 whip (85% to hit)
The searing ray hits the gnoll!
The gnoll is severely wounded. (Press . to maintain the ray.)
You now have 13/21 mp.
The searing ray hits the gnoll!
You kill the gnoll!
You now have 12/21 mp.
You now have 11/21 mp.
You now have 208 gold pieces (gained 8).
Things that are here:
a +0 whip; a +0 spear You now have 215 gold pieces (gained 7).
You see here a +0 club.
Found 18 gold pieces.
Found a scroll labelled QAQILO XEIPH.
Found a scroll labelled GIKETE XEAPEJU.
Health restored: 42
i - a scroll labelled QAQILO XEIPH
j - a scroll labelled GIKETE XEAPEJU This is a scroll of acquirement!
Unknown command.
Are you sure you want to abandon this character and quit the game? (Confirm with "yes".)

...#... ........##
$ ..........#
#.........#
.!..##.........#
....###.......####
.....##..........#
##.#............@.#
...##.............#
...#.....#........#
.........#...##.###
<..))......####.#
....#....#..# #..
##.##....#.......#
####....##..##.##
#.....# #.#


There were no monsters in sight!

Vanquished Creatures
  4 kobold brigands (Sewer)
  A bullfrog (D:6)
  A scorpion (D:5)
  3 gnolls (D:6)
  4 adders
  5 river rats
  2 dart slugs
  2 orcs (D:5)
  4 ball pythons
  A bat (D:1)
  An endoplasm (D:4)
  2 giant cockroaches (D:5)
  A hobgoblin (D:4)
  5 jackals
  5 kobolds
  3 frilled lizards (Sewer)
  6 rats
50 creatures vanquished.

Notes
Turn   | Place    | Note
-------+----------+-------------------------------------------
     0 | D:1      | Psyclone the Deep Elf Conjurer began the quest for the Orb.
     0 | D:1      | Reached XP level 1. HP: 10/10 MP: 6/6
    28 | D:2      | Found a stormy altar of Qazlal.
   142 | D:2      | Reached XP level 2. HP: 15/15 MP: 5/8
   205 | D:2      | Learned a level 2 spell: Searing Ray
   206 | D:3      | Noticed Natasha
   229 | D:4      | Reached skill level 5 in Conjurations
   311 | D:5      | Entered Level 5 of the Dungeon
   336 | D:5      | Noticed a scorpion
   347 | D:5      | Killed a scorpion
   348 | D:5      | Reached skill level 6 in Conjurations
   348 | D:5      | Reached XP level 3. HP: 17/19 MP: 2/9
   348 | D:5      | Reached XP level 4. HP: 21/24 MP: 2/10
   459 | D:5      | Found a staircase to the Ecumenical Temple.
   472 | D:5      | Noticed a yak
   474 | Temple   | Entered the Ecumenical Temple
   484 | Temple   | Became a worshipper of Gozag Ym Sagoz the Greedy
   495 | D:5      | Noticed a yak
   495 | D:5      | Noticed a yak
   566 | D:5      | Found a glowing drain.
   593 | Sewer    | Entered a sewer
   727 | Sewer    | Noticed a kobold brigand
   739 | Sewer    | Killed a kobold brigand
   740 | Sewer    | Reached skill level 7 in Conjurations
   740 | Sewer    | Reached XP level 5. HP: 24/28 MP: 0/11
   972 | Sewer    | Reached skill level 8 in Conjurations
   972 | Sewer    | Reached XP level 6. HP: 16/32 MP: 2/12
   991 | Sewer    | Reached skill level 10 in Conjurations
   991 | Sewer    | Reached skill level 5 in Hexes
   991 | Sewer    | Reached skill level 5 in Translocations
   991 | Sewer    | Reached XP level 7. HP: 29/42 MP: 6/21
  1142 | Sewer    | Learned a level 4 spell: Fulminant Prism
  1147 | Sewer    | Learned a level 4 spell: Iskenderun's Mystic Blast
  1253 | Sewer    | Reached skill level 11 in Conjurations
  1738 | D:5      | Noticed a yak
  1738 | D:5      | Noticed a yak
  1742 | D:5      | Noticed a yak
  1792 | D:6      | Identified a scroll of acquirement
  1792 | D:6      | Quit the game

Illustrated notes

Levels and vault maps discovered:
D:1:      onia_arrival_mini_spirals, layout_loops_ring, serial_shops, shop
D:2:      layout_rooms, basic_altar, reono_crystal_passage, minmay_tetromino_l2,
          uniq_robin, uniq_jessica, uniq_crazy_yiuf_cottage
D:3:      layout_loops_ring, uniq_sigmund, uniq_natasha
D:4:      layout_rooms, ebering_ghost_sewer_d, nicolae_take_the_stairs,
          grunt_ministairs_6, ebering_dispersal_statue_hall,
          minmay_ogre_servants
D:5:      nicolae_cairo_tiling_large, layout_basic, slow_altar_2,
          minmay_temple_entry_junction_2, portal_sewer_entry_b
D:6:      layout_cave_pools
Temple:   nicolae_temple_bog_church

Skill      XL: |  1  2  3  4  5  6  7 |
---------------+----------------------+-----
Conjurations   | 6 7 8 10 11 | 11.0
Fighting       | 3 |  3.8
Spellcasting   | 9 |  9.4
Hexes          | 5 6 |  6.0
Translocations | 5 |  5.3
Dodging        | |  2.4
Stealth        | |  2.4

Action                     |  1- 3 |  4- 6 |  7- 9 || total
---------------------------+-------+-------+-------++-------
  Melee: Unarmed           |       |    15 |       ||    15
         Punch             |       |     1 |       ||     1
         Dagger            |       |       |     2 ||     2
   Cast: Magic Dart        |    13 |    20 |    22 ||    55
         Searing Ray       |     3 |     8 |     9 ||    20
    Use: Potion            |       |     1 |       ||     1
 Armour: Robe              |       |     3 |     2 ||     5
  Dodge: Dodged            |    13 |     9 |    19 ||    41
